 Dungeon Crawl Stone Soup version 0.23-a0-729-g94ec030 (webtiles) character file.

53783 DrEnzyme the Fighter (level 14, -7/121 HPs)
             Began as a Demonspawn Wanderer on Jan 15, 2019.
             Was an Elder of Makhleb.
             Mangled by a shock serpent (10 damage)
             ... on level 2 of the Snake Pit on Jan 17, 2019.
             The game lasted 04:44:38 (41888 turns).

DrEnzyme the Fighter (Demonspawn Wanderer)         Turns: 41888, Time: 04:44:38

Health: -7/121     AC: 10    Str: 15    XL:     14   Next: 32%
Magic:  0/30       EV: 19    Int: 14    God:    Makhleb [****..]
Gold:   253        SH:  5    Dex: 16    Spells: 8/38 levels left

rFire    + + .     SeeInvis .   p - +4 scimitar
rCold    . . .     Gourm    .   E - +1 buckler {reflect}
rNeg     + . .     Faith    .   U - +0 leather armour "Xeifury" {MR+ rCorr Str+3}
rPois    +         Spirit   +   Y - +2 hat
rElec    .         Reflect  +   l - +2 cloak
rCorr    +         Harm     .   W - +1 pair of gloves
MR       +++..                  (no boots)
Stlth    +.........             k - amulet of magic regeneration
HPRegen  0.30/turn              H - ring of Ini Eluxt {Wiz +Blink rF+ rN+ Str-4}
MPRegen  0.47/turn              s - ring of protection from magic

@: repel missiles
A: antennae 1, repulsion field 3, agile 1, demonic guardian 1, fire resistance
1, poison resistance, screaming 1, magic shield
a: Minor Destruction, Lesser Servant of Makhleb, Major Destruction, Renounce
Religion, Evoke Blink


You were on level 2 of the Snake Pit.
You worshipped Makhleb.
Makhleb was greatly pleased with you.
You were near starving.

You visited 6 branches of the dungeon, and saw 27 of its levels.
You also visited: Gauntlet.

You collected 2263 gold pieces.
You spent 2010 gold pieces at shops.

Inventory:

Hand Weapons
 a - a +1 war axe
 j - a +0 battleaxe of electrocution
 p - a +4 scimitar (weapon)
 R - a +3 dagger of venom
Missiles
 w - 6 curare-tipped needles
 G - 11 poisoned tomahawks (quivered)
 J - 55 tomahawks
 O - 2 throwing nets
Armour
 l - a +2 cloak (worn)
 y - a +3 chain mail of poison resistance
 E - a +1 buckler of reflection (worn)
 U - the +0 leather armour "Xeifury" (worn) {MR+ rCorr Str+3}
   (You found it on level 11 of the Dungeon)

   It affects your strength (+3).
   It affects your resistance to hostile enchantments.
   It provides partial protection from all sources of acid and corrosion.
 V - a +3 leather armour
 W - a +1 pair of gloves (worn)
 Y - a +2 hat (worn)
Magical Staves
 b - an uncursed staff of summoning
Jewellery
 k - an amulet of magic regeneration (around neck)
 s - a ring of protection from magic (right hand)
 H - the ring of Ini Eluxt (left hand) {Wiz +Blink rF+ rN+ Str-4}
   (You bought it in a shop on level 2 of the Orcish Mines)

   [ring of wizardry]

   It improves your spell success rate.
   It affects your strength (-4).
   It protects you from fire.
   It protects you from negative energy.
   It lets you blink.
Wands
 e - a wand of clouds (5)
 q - a wand of scattershot (6)
 u - a wand of random effects (17)
 B - a wand of acid (24)
 K - a wand of paralysis (4)
 Q - a wand of polymorph (2)
Scrolls
 c - a scroll of teleportation
 d - a scroll of fear
 i - a scroll of identify
 o - 6 scrolls of fog
 r - 2 scrolls of immolation
 v - a scroll of silence
 A - 8 scrolls of magic mapping
 F - 10 scrolls of remove curse
 M - 5 scrolls of amnesia
 P - a scroll of blinking
Potions
 g - 3 potions of lignification
 h - 2 potions of curing
 t - 2 potions of might
 x - 4 potions of brilliance
 z - 8 potions of agility
 C - a potion of haste
 I - a potion of cancellation
 L - a potion of magic
Miscellaneous
 m - a phantom mirror
 D - a crystal ball of energy
 N - a fan of gales (inert)
 S - a lamp of fire (inert)
Comestibles
 f - 9 rations


   Skills:
 * Level 14.3 Fighting
 - Level 1.7 Throwing
 + Level 2.4 Armour
 - Level 5.8 Dodging
 * Level 2.0 Shields
 - Level 12.6 Spellcasting
 - Level 11.5 Summonings
   Level 1.7 Fire Magic
 - Level 3.7 Air Magic
 - Level 8.9 Invocations


You had 8 spell levels left.
You knew the following spells:

 Your Spells              Type           Power        Failure   Level  Hunger
a - Summon Guardian Gole  Hex/Summ       ####....     1%          3    None
b - Call Imp              Summ           #####...     1%          2    None
c - Summon Lightning Spi  Summ/Air       ####....     2%          4    ###....
d - Summon Ice Beast      Ice/Summ       ####....     4%          4    ###....
e - Call Canine Familiar  Summ           #####...     1%          3    None
f - Lee's Rapid Deconstr  Erth           #.........   77%         5    #####..
g - Shadow Creatures      Summ           N/A          6%          6    ######.
h - Stone Arrow           Conj/Erth      #.....       16%         3    None

Your spell library contained the following spells:

 Spells                   Type           Power        Failure   Level  Hunger
 Summon Small Mammal      Summ           ####         1%          1    None
 Sandblast                Erth           #.....       4%          1    None
 Ensorcelled Hibernation  Hex/Ice        #.....       8%          2    None
 Passwall                 Tmut/Erth      #.......     8%          2    None
 Searing Ray              Conj           #.....       8%          2    None
 Slow                     Hex            #.......     8%          2    None
 Throw Frost              Conj/Ice       #.....       8%          2    None
 Inner Flame              Hex/Fire       ##......     11%         3    None
 Dazzling Spray           Conj/Hex       #.....       16%         3    None
 Tukima's Dance           Hex            #.......     16%         3    None
 Fulminant Prism          Conj/Hex       #.........   43%         4    ###....
 Petrify                  Tmut/Erth      #.......     43%         4    ###....
 Lightning Bolt           Conj/Air       ##........   52%         5    #####..
 Discord                  Hex            #.........   100%        8    #######


Dungeon Overview and Level Annotations

Branches:
Dungeon (15/15)            Temple (0/1) D:7            Lair (6/6) D:9
 Shoals (1/4) Lair:2        Snake (2/4) Lair:3        Slime (0/5) Lair:5
    Orc (2/2) D:10            Elf (1/3) Orc:2        Vaults (0/5) D:14
 Depths: D:15

Altars:
Gozag
Hepliaklqana
Makhleb
Okawaru
Qazlal
Ru
Sif Muna
Wu Jian
Xom
Yredelemnul
Zin
Beogh
Jiyva

Shops:
D:7 (   D:12 ?   Orc:2 =([:   Snake:1 [[:

Annotations:
D:4 1 runed door, exclusion: door, edsrzf's ghost, amateur HuBe
Lair:1 3 exclusions


Innate Abilities, Weirdness & Mutations

You have a pair of small antennae on your head.
You are surrounded by a strong repulsion field. (EV +4, RMsl)
A weak demonic guardian rushes to your aid.
When hurt, damage is shared between your health and your magic reserves.
You are agile. (Dex +2)
Your flesh is heat resistant. (rF+)
Your system is resistant to poisons. (rPois)
You occasionally shout uncontrollably at your foes.


Message History

The shock serpent closely misses you.
You feel much better. The shock serpent misses you.
You block the shock serpent's attack.
Wield which item (- for none, * to show all)? (? for menu, Esc to quit)
p - a +4 scimitar (weapon)
Casting: Summon Ice Beast (safe; 4% risk of failure)
Confirm with . or Enter, or press ? or * to list all spells.
Okay, then.
You closely miss the shock serpent.
The shock serpent is almost dead.
You block the shock serpent's attack.
The shock serpent shoots out a bolt of lightning at you!
The bolt of electricity hits you!
* * * LOW HITPOINT WARNING * * *
You feel better.
The shock serpent shoots out a bolt of lightning at you!
The bolt of electricity hits you!
* * * LOW HITPOINT WARNING * * *
The shock serpent bites you!
You die...

#......# ##.##
#......## #..#
#.......# ##.##
#......!# #..#
#.....5?# ##.##
#.......# #..#
.....5..# #.##
#......## #.#
#......#########@#
##.............S.#
###.......#######
###........##
#....♣.≈≈.≈≈#
##...♣≈≈≈≈P≈#
#...♣♣≈≈≈♣≈#
#####♣≈PP♣## #≈♣♣#


You could see a shock serpent.

Vanquished Creatures
  Fannar (D:11)
  A catoblepas (D:14)
  An orc high priest (Orc:2)
  A shock serpent (Snake:1)
  A deep elf knight (Elf:1)
  An unseen horror (D:14)
  2 mana vipers (Snake:1)
  An orc knight (Orc:2)
  2 deep elf magi (Elf:1)
  2 ugly things
  2 orc sorcerers (Orc:2)
  A manticore (D:13)
  3 black mambas
  2 spiny frogs
  A freezing wraith (D:14)
  3 trolls
  A harpy zombie (D:15)
  A hornet (D:13)
  3 hippogriffs
  An air elemental (Orc:2)
  A shadow (D:14)
  5 yaks
  2 fire elementals (Elf:1)
  A basilisk (Lair:2)
  A vampire mosquito (Lair:5)
  A water moccasin (Lair:1)
  A porcupine (Lair:5)
  8 orc warriors
  2 ice beasts
  A sky beast (D:10)
  4 wolves (Lair:4)
  5 ogres
  5 bullfrogs
  An earth elemental (Elf:1)
  A scorpion (D:9)
  5 electric eels
  A howler monkey (D:5)
  A crimson imp (D:14)
  A quasit (D:11)
  3 hounds
  A jelly (D:11)
  2 bullfrog skeletons
  2 bullfrog zombies
  An orc priest (D:9)
  2 centaur skeletons
  2 iguanas
  4 orc wizards (Orc:2)
  A hell rat (Lair:5)
  3 worker ants
  A hound skeleton (D:9)
  3 gnolls (D:10)
  10 adders
  A howler monkey skeleton (D:6)
  3 shadow imps
  6 oozes
  2 worms
  2 dart slugs
  4 leopard geckos
  24 orcs
  A ball python (D:2)
  5 bats
  2 giant cockroaches
  4 hobgoblins
  5 jackals
  8 kobolds
  2 quokkas (D:8)
  4 frilled lizards
  4 goblins
  A leopard gecko skeleton (D:4)
  An orc skeleton (D:10)
  2 orc zombies (D:10)
  3 rats
197 creatures vanquished.

Vanquished Creatures (collateral kills)
  Frances (Elf:1)
  An orc warlord (Orc:2)
  A stone giant (Orc:2)
  A deep elf death mage (Elf:1)
  4 vault guards (D:14)
  2 two-headed ogres
  2 centaur warriors
  5 anacondas
  4 orc high priests
  2 dancing weapons (Elf:1)
  4 naga sharpshooters (Snake:1)
  A deep elf knight (Elf:1)
  4 naga ritualists (Snake:1)
  8 mana vipers
  3 deep elf archers (Elf:1)
  3 orc knights
  A wolf spider zombie (D:12)
  3 orc sorcerers (Orc:2)
  5 elephants (Lair:3)
  A manticore (D:14)
  A salamander (Snake:2)
  4 cyclopes
  9 deep elf magi
  5 ugly things
  Maurice (D:13)
  Joseph (D:10)
  15 black mambas
  Psyche (D:9)
  4 naga magi
  4 centaur skeletons
  17 spiny frogs
  6 komodo dragons
  2 trolls
  A hornet (D:11)
  A raiju (Gauntlet)
  A snapping turtle (Lair:2)
  13 blink frogs (Lair:6)
  7 slime creatures
  4 hippogriffs
  4 wyverns
  A shadow (D:14)
  35 yaks
  Eustachio (D:4)
  4 steam dragons (Gauntlet)
  Grum (D:8)
  3 basilisks
  2 vampire mosquitoes (Lair:6)
  8 hungry ghosts
  2 wargs (Orc:2)
  9 nagas
  A two-headed ogre zombie (D:10)
  3 water moccasins
  A porcupine (Lair:4)
  2 ice beasts
  32 orc warriors
  2 slaves (D:4)
  8 ogres
  A necrophage (D:10)
  2 sky beasts
  3 phantoms
  5 wolves
  9 crocodiles
  6 centaurs
  3 big kobolds
  16 bullfrogs
  2 scorpions
  2 wyvern skeletons
  3 troll zombies (D:10)
  5 killer bees (D:10)
  8 wights
  5 crimson imps
  4 centaur zombies
  A quasit (D:12)
  A bullfrog skeleton (D:9)
  27 orc priests
  4 hounds
  3 jellies
  16 orc wizards
  A gnoll shaman (D:10)
  An iguana (D:11)
  6 worker ants
  3 ogre zombies (D:10)
  A hound skeleton (D:10)
  5 gnolls
  An adder (D:6)
  A shadow imp (D:14)
  5 oozes
  An adder zombie (D:8)
  A dart slug (D:2)
  2 leopard geckos
  72 orcs
  5 jackals
  11 kobolds
  5 quokkas
  A goblin skeleton (D:10)
  A goblin zombie (D:10)
  2 hobgoblin zombies (D:10)
  An orc skeleton (D:10)
  15 orc zombies (D:10)
  A rat (D:3)
  2 fungi
  A plant (Lair:6)
543 creatures vanquished.

Vanquished Creatures (others)
  An anaconda (Snake:1)
  A spiny frog (Lair:2)
  A black mamba (Snake:1)
  A troll (Orc:2)
  A tyrant leech (Lair:6)
  A raiju (Gauntlet)
  5 yaks
  2 orc warriors
  3 wolves (D:8)
  A troll zombie (D:10)
  2 orc zombies (D:10)
  30 fungi
  66 plants
115 creatures vanquished.

Grand Total: 855 creatures vanquished

Notes
Turn   | Place    | Note
-------+----------+-------------------------------------------
     0 | D:1      | DrEnzyme the Demonspawn Wanderer began the quest for the
                  | Orb.
     0 | D:1      | DrEnzyme set off with the following items: a scroll of
                  | teleportation, a +0 robe, a +0 dagger, a ration; and the
                  | following spell memorised: Summon Small Mammal; and the
                  | following spells available to memorise: Call Imp, Call
                  | Canine Familiar, Ensorcelled Hibernation, Throw Frost,
                  | Summon Guardian Golem, Summon Ice Beast, Summon Lightning
                  | Spire
     0 | D:1      | Reached XP level 1. HP: 13/13 MP: 5/5
   637 | D:1      | Gained mutation: When hurt, damage is shared between your
                  | health and your magic reserves. [demonic ancestry]
   637 | D:1      | Reached XP level 2. HP: 18/19 MP: 7/7
   672 | D:1      | Learned a level 2 spell: Call Imp
  1088 | D:2      | Found a hazy altar of Hepliaklqana.
  1095 | D:2      | Found a burning altar of Makhleb.
  1099 | D:2      | Became a worshipper of Makhleb the Destroyer
  1351 | D:2      | Found a sacrificial altar of Ru.
  1392 | D:2      | Reached skill level 1 in Fighting
  1451 | D:2      | Reached XP level 3. HP: 25/26 MP: 2/8
  2015 | D:2      | Reached skill level 2 in Fighting
  2414 | D:3      | Found a deep blue altar of Sif Muna.
  2490 | D:3      | Gained mutation: You are surrounded by a mild repulsion
                  | field. (EV +2) [demonic ancestry]
  2490 | D:3      | Reached XP level 4. HP: 33/33 MP: 8/10
  2698 | D:3      | Reached * piety under Makhleb
  3604 | D:4      | Reached skill level 3 in Fighting
  3604 | D:4      | Gained mutation: A weak demonic guardian rushes to your
                  | aid. [demonic ancestry]
  3604 | D:4      | Reached XP level 5. HP: 41/41 MP: 7/11
  3876 | D:4      | Noticed Eustachio
  3944 | D:4      | Killed Eustachio
  4212 | D:4      | Noticed a slave
  4212 | D:4      | Noticed a slave
  4251 | D:4      | Killed a slave
  4308 | D:4      | Found an opulent altar of Gozag.
  4517 | D:4      | Reached skill level 1 in Dodging
  4723 | D:4      | Killed a slave
  4780 | D:4      | Found a runed door.
  4783 | D:4      | Noticed edsrzf's ghost (amateur HuBe)
  4813 | D:5      | Entered Level 5 of the Dungeon
  4843 | D:5      | Reached XP level 6. HP: 45/48 MP: 12/12
  4925 | D:5      | Reached skill level 4 in Fighting
  4982 | D:5      | Found an ornate altar of the Wu Jian Council.
  5269 | D:5      | Found a shimmering altar of Xom.
  5715 | D:6      | Reached ** piety under Makhleb
  5826 | D:6      | Gained mutation: You are surrounded by a moderate repulsion
                  | field. (EV +3) [demonic ancestry]
  5826 | D:6      | Reached XP level 7. HP: 55/55 MP: 6/13
  5939 | D:6      | Reached skill level 5 in Summonings
  6053 | D:6      | Learned a level 3 spell: Summon Guardian Golem
  6219 | D:6      | Reached skill level 5 in Fighting
  6219 | D:6      | Reached skill level 5 in Spellcasting
  6530 | D:6      | Found a basalt altar of Yredelemnul.
  6669 | D:7      | Found an iron altar of Okawaru.
  6753 | D:7      | Gained mutation: Your system is resistant to poisons.
                  | (rPois) [potion of mutation]
  6753 | D:7      | Gained mutation: Scrolls take you a little longer to read.
                  | [potion of mutation]
  6753 | D:7      | Gained mutation: You are weak. (Str -2) [potion of
                  | mutation]
  6753 | D:7      | Gained mutation: Your spells are a little harder to cast,
                  | but a little more powerful. [potion of mutation]
  6754 | D:7      | Lost mutation: You are weak. (Str -2) [potion of mutation]
  6754 | D:7      | Lost mutation: Your spells are a little harder to cast, but
                  | a little more powerful. [potion of mutation]
  6754 | D:7      | Lost mutation: Scrolls take you a little longer to read.
                  | [potion of mutation]
  6754 | D:7      | Gained mutation: You are agile. (Dex +2) [potion of
                  | mutation]
  6754 | D:7      | Gained mutation: Your body sometimes deteriorates upon
                  | taking damage. [potion of mutation]
  6754 | D:7      | Gained mutation: Your muscles are strong. (Str +2) [potion
                  | of mutation]
  6796 | D:7      | Learned a level 4 spell: Summon Lightning Spire
  6801 | D:7      | Learned a level 4 spell: Summon Ice Beast
  7056 | D:7      | Reached XP level 8. HP: 49/62 MP: 4/16
  7160 | D:7      | Found a staircase to the Ecumenical Temple.
  7237 | D:7      | Found Haajueh's Antique Weapon Shoppe.
  7378 | D:7      | Found a glowing silver altar of Zin.
  7946 | D:8      | Noticed Grum
  8153 | D:8      | Learned a level 3 spell: Call Canine Familiar
  8216 | D:8      | Killed Grum
  8744 | D:8      | Found a stormy altar of Qazlal.
  8758 | D:8      | Noticed an air elemental
  9570 | D:9      | Reached *** piety under Makhleb
  9582 | D:9      | Reached skill level 6 in Fighting
  9850 | D:9      | Noticed Psyche
  9863 | D:9      | Killed Psyche
 10007 | D:9      | Noticed a hippogriff
 10015 | D:9      | Killed a hippogriff
 10015 | D:9      | Reached XP level 9. HP: 69/70 MP: 6/19
 10202 | D:9      | Found a staircase to the Lair.
 10487 | D:9      | Found an ornate altar of the Wu Jian Council.
 11530 | D:10     | Entered Level 10 of the Dungeon
 11531 | D:10     | Noticed a two-headed ogre
 11548 | D:10     | Noticed Joseph
 11554 | D:10     | Noticed a troll
 11580 | D:10     | Killed Joseph
 11759 | D:10     | Reached skill level 7 in Fighting
 11799 | D:10     | Killed a two-headed ogre
 12327 | D:10     | Reached **** piety under Makhleb
 12340 | D:10     | Gained mutation: You are surrounded by a strong repulsion
                  | field. (EV +4, RMsl) [demonic ancestry]
 12340 | D:10     | Reached XP level 10. HP: 79/79 MP: 20/22
 13115 | D:10     | Reached ***** piety under Makhleb
 13250 | D:10     | Found a staircase to the Orcish Mines.
 13441 | D:10     | Got a fine diamond amulet
 13471 | D:10     | Identified the amulet "Baefux" {Harm *Drain Dex+4} (You
                  | found it on level 10 of the Dungeon)
 13748 | D:11     | Noticed Fannar
 13772 | D:11     | Killed Fannar
 14413 | D:11     | Reached skill level 8 in Fighting
 14497 | D:11     | Noticed a cyclops
 14519 | D:11     | Killed a cyclops
 14519 | D:11     | Reached skill level 10 in Summonings
 14604 | D:11     | Found a viscous altar of Jiyva.
 14826 | D:11     | Noticed a centaur warrior
 14837 | D:11     | Killed a centaur warrior
 14870 | D:11     | Got a faintly humming leather armour
 14872 | D:11     | Identified the cursed +0 leather armour "Xeifury" {MR+
                  | rCorr Str+3} (You found it on level 11 of the Dungeon)
 15009 | D:11     | Reached skill level 10 in Spellcasting
 15568 | Lair:1   | Entered Level 1 of the Lair of Beasts
 15608 | Lair:1   | Noticed a spiny frog
 15627 | Lair:1   | Killed a spiny frog
 15800 | Orc:1    | Entered Level 1 of the Orcish Mines
 15816 | Orc:1    | Noticed an orc knight
 15896 | Orc:1    | Killed an orc knight
 15896 | Orc:1    | Reached skill level 9 in Fighting
 15896 | Orc:1    | Reached skill level 1 in Invocations
 16532 | Orc:1    | Reached XP level 11. HP: 89/89 MP: 25/25
 16624 | Orc:2    | Entered Level 2 of the Orcish Mines
 17571 | Lair:1   | Lost mutation: Your muscles are strong. (Str +2) [potion of
                  | mutation]
 17571 | Lair:1   | Lost mutation: Your body sometimes deteriorates upon taking
                  | damage. [potion of mutation]
 17571 | Lair:1   | Lost mutation: You are agile. (Dex +2) [potion of mutation]
 17571 | Lair:1   | Gained mutation: Your flesh is heat resistant. (rF+)
                  | [potion of mutation]
 17571 | Lair:1   | Gained mutation: You occasionally shout uncontrollably at
                  | your foes. [potion of mutation]
 17571 | Lair:1   | Gained mutation: You are agile. (Dex +2) [potion of
                  | mutation]
 18264 | Lair:2   | Learned a level 5 spell: Lee's Rapid Deconstruction
 19163 | Lair:3   | Found a staircase to the Snake Pit.
 19178 | Lair:3   | Reached skill level 10 in Fighting
 19556 | Lair:3   | Reached skill level 5 in Dodging
 20091 | Lair:4   | Found a gate leading to a gauntlet.
 20101 | Gauntlet | Entered a Gauntlet
 20101 | Gauntlet | Found a transporter.
 20101 | Gauntlet | Found a transporter.
 20101 | Gauntlet | Found a transporter.
 20112 | Gauntlet | Found a transporter.
 20114 | Gauntlet | Found a transporter.
 20122 | Gauntlet | Found a transporter.
 20126 | Gauntlet | Found a transporter.
 20127 | Gauntlet | Noticed a reaper
 20133 | Gauntlet | Found a transporter.
 20151 | Gauntlet | Found a transporter.
 20155 | Gauntlet | Noticed a glowing orange brain
 20165 | Gauntlet | Noticed a red ugly thing
 20170 | Gauntlet | Found a transporter.
 20171 | Gauntlet | Found a transporter.
 20181 | Gauntlet | Found a transporter.
 20232 | Gauntlet | Noticed a red ugly thing
 20571 | Gauntlet | Identified the +2 helmet of the Great Game {Str+6 Int-3}
                  | (You found it in a Gauntlet)
 20630 | Gauntlet | Identified the +1 mace of Anger {crush, Str+4 Int-4 Dex+8}
 20630 | Gauntlet | Identified the cursed +1 fustibalus "Rumy" {speed, Str+4
                  | Int-5}
 20630 | Gauntlet | Noticed a minotaur
 21666 | Lair:4   | Reached skill level 5 in Invocations
 22191 | Lair:5   | Reached skill level 11 in Fighting
 22610 | Lair:5   | Found a staircase to the Slime Pits.
 22610 | Lair:5   | Found a viscous altar of Jiyva.
 22772 | Lair:6   | Entered Level 6 of the Lair of Beasts
 22869 | Lair:6   | Noticed a six-headed hydra
 23139 | Lair:5   | Found a viscous altar of Jiyva.
 23139 | Lair:5   | Found a staircase to the Slime Pits.
 23705 | Lair:6   | Noticed a six-headed hydra
 24156 | Orc:2    | Upgraded the game from 0.23-a0-714-g00c90a0 to
                  | 0.23-a0-726-g9fa1570
 24188 | Orc:2    | Gained mutation: You have a pair of small antennae on your
                  | head. [demonic ancestry]
 24188 | Orc:2    | Reached XP level 12. HP: 100/100 MP: 26/26
 24570 | Orc:2    | Noticed a two-headed ogre
 24593 | Orc:2    | Killed a two-headed ogre
 25693 | Orc:2    | Found a staircase to the Elven Halls.
 25947 | Orc:2    | Reached skill level 12 in Fighting
 25951 | Orc:2    | Paralysed by an orc sorcerer for 6 turns
 25962 | Orc:2    | Reached ****** piety under Makhleb
 26228 | Orc:2    | Reached skill level 1 in Air Magic
 26488 | Orc:2    | Noticed an orc warlord
 26642 | Orc:2    | Killed an orc warlord
 26870 | Orc:2    | Found Fanunga's Armour Emporium.
 26870 | Orc:2    | Noticed an orc high priest
 26890 | Orc:2    | Killed an orc high priest
 27167 | Orc:2    | Noticed an orc high priest
 27177 | Orc:2    | Killed an orc high priest
 27212 | Orc:2    | Noticed an orc high priest
 27552 | Orc:2    | Killed an orc high priest
 27722 | Orc:2    | Noticed an orc high priest
 27995 | Orc:2    | Found Omytonk's Book Shop.
 27995 | Orc:2    | Killed an orc high priest
 28036 | Orc:2    | Found a roughly hewn altar of Beogh.
 28323 | Orc:2    | Found a roughly hewn altar of Beogh.
 28335 | Orc:2    | Noticed a stone giant
 28352 | Orc:2    | Killed a stone giant
 28773 | Orc:2    | Found Ajibb's Jewellery Boutique.
 28812 | Orc:2    | Found Korud's Antique Weapon Shop.
 29008 | Orc:2    | Bought the ring of Ini Eluxt {Wiz +Blink rF+ rN+ Str-4} for
                  | 655 gold pieces
 29066 | Orc:2    | Bought the Tome of Destructive Calling for 877 gold pieces
 29073 | Orc:2    | Learned a level 6 spell: Shadow Creatures
 30483 | D:12     | Found Hagrunt's Magic Scroll Shoppe.
 30489 | D:12     | Bought a scroll of identify for 34 gold pieces
 30489 | D:12     | Bought a scroll of identify for 34 gold pieces
 30491 | D:12     | Bought a scroll of identify for 34 gold pieces
 30491 | D:12     | Bought a scroll of identify for 34 gold pieces
 30491 | D:12     | Bought a scroll of teleportation for 51 gold pieces
 30491 | D:12     | Bought a scroll of teleportation for 51 gold pieces
 31172 | Lair:6   | Identified the Volume of Beguiling
 31324 | Lair:6   | Reached XP level 13. HP: 91/109 MP: 16/28
 31925 | Lair:2   | Found a staircase to the Shoals.
 32169 | Shoals:1 | Entered Level 1 of the Shoals
 32216 | Snake:1  | Entered Level 1 of the Snake Pit
 32262 | Snake:1  | Found Wamnoce's Antique Armour Emporium.
 32632 | Snake:1  | Found Tejilloudo's Armour Shop.
 32868 | Lair:3   | Upgraded the game from 0.23-a0-726-g9fa1570 to
                  | 0.23-a0-728-g06a100f
 33065 | Lair:3   | Reached skill level 13 in Fighting
 34958 | D:13     | Noticed Maurice
 34970 | D:13     | Killed Maurice
 36078 | D:14     | Found a basalt altar of Yredelemnul.
 37175 | Elf:1    | Entered Level 1 of the Elven Halls
 37899 | Elf:1    | Upgraded the game from 0.23-a0-728-g06a100f to
                  | 0.23-a0-729-g94ec030
 38178 | Elf:1    | Noticed Frances
 38558 | Elf:1    | Killed Frances
 38607 | Elf:1    | Noticed a deep elf death mage
 38611 | Elf:1    | Reached skill level 1 in Armour
 38613 | Elf:1    | Killed a deep elf death mage
 39061 | Orc:2    | Learned a level 3 spell: Stone Arrow
 39293 | D:14     | Reached XP level 14. HP: 63/119 MP: 10/30
 39758 | D:14     | Found a gate to the Vaults.
 39797 | D:15     | Entered Level 15 of the Dungeon
 40387 | Snake:1  | Bought a glowing buckler for 240 gold pieces
 40593 | Snake:1  | Found Reingyly's Book Emporium.
 40620 | Snake:1  | Reached skill level 14 in Fighting
 40730 | Snake:1  | Reached skill level 1 in Shields
 41888 | Snake:2  | HP: 3/121 [shock serpent/bolt of electricity (31)]
 41888 | Snake:2  | Mangled by a shock serpent

Vault maps used:
D:1:      onia_arrival_mini_spirals
D:2:      kennysheep_six_static_rooms, nicolae_ru_awakened_eye, minitemple,
          first_ration
D:3:      marbit_many_paths
D:4:      grunt_gozag_breadcrumbs, ebering_ghost_reflecting_pool, dk_vineyard_3,
          uniq_eustachio, uniq_pikel
D:5:      kennysheep_mini_moat, lemuel_crystal_altar,
          chequers_serial_rivers_room_b, moated_statue
D:6:      lemuel_doored_altar, kennysheep_generic_room_10
D:7:      okawaru_trees_2, zin_treasury, minmay_temple_entry_arrows,
          serial_shops, nicolae_shop_stone
D:8:      nicolae_qazlal_style_of_elements, uniq_grum
D:9:      dpeg_oklobed_lair, basic_altar, uniq_psyche
D:10:     zombieorc2_lemuel, uniq_joseph
D:11:     hangedman_little_slice_of_home, uniq_fannar
D:12:     serial_shops, shop, st_stairs_14
D:13:     st_stairs_7, minivault_25_ag, uniq_maurice
D:14:     lightli_vaults_fourway_checkpoint, chequers_serial_rivers_room_a,
          basic_altar
D:15:     gammafunk_enter_depths_forms, serial_undead, serial_undead_a,
          serial_undead_a, serial_undead_a, serial_undead_b,
          chequers_mini_garden, minmay_misc_feat_more_columns,
          chequers_serial_rivers_micro_a, grunt_ministairs_7, fedhas_altar_2,
          uniq_roxanne
Lair:1:   st_stairs_5, grunt_megastairs_2, infiniplex_staircase_pool
Lair:2:   minmay_shoals_entry_hut, beast_lair_carwin_1, lemuel_fruit_tree
Lair:3:   guppyfry_snake_entry_island
Lair:4:   serial_bayou, serial_bayou_crossing, serial_bayou_pond_d,
          serial_bayou_lagoon_a, serial_bayou_shore_a, serial_bayou_shore_b,
          serial_bayou_pond_a, gauntlet_entry_generic
Lair:5:   slime_altar_1
Lair:6:   minmay_lair_end_frog_pond
Shoals:1: serial_shops, shop, hangedman_feature_mirror,
          regret_index_shoals_crete
Snake:1:  serial_shops, shop, shop, nicolae_shop_overgrown_old_shop
Snake:2:  grunt_ministairs_11, serial_bayou_shore_b, grunt_megastairs_5
Orc:1:    serial_shops, shop
Orc:2:    pubby_orc_utopia
Elf:1:    elf_arrival_001, serial_shops, nicolae_shop_behind_doors,
          hangedman_corner_corridor, minmay_misc_feat_columns, uniq_frances
Gauntlet: minmay_gauntlet_mixed_big_or_small

Skill      XL: |  1  2  3  4  5  6  7  8  9 10 11 12 13 14 |
---------------+-------------------------------------------+-----
Fighting       | 1 2 3 4 5 6 7 9 11 12 13 14 | 14.3
Summonings     | 3 4 5 7 9 10 11 | 11.5
Dodging        | 1 2 5 |  5.8
Spellcasting   | 5 7 8 10 11 12 | 12.6
Invocations    | 1 5 7 8 |  8.9
Air Magic      | 3 |  3.7
Armour         | 1 2 |  2.4
Shields        | 2 |  2.0
Throwing       | |  1.7
Fire Magic     | |  1.7

Action                   |  1- 3 |  4- 6 |  7- 9 | 10-12 | 13-15 || total
-------------------------+-------+-------+-------+-------+-------++-------
Melee: Dagger            |   142 |   335 |   398 |   393 |       ||  1268
       War axe           |       |       |       |   259 |    78 ||   337
       Staff             |       |       |       |    31 |    24 ||    55
       Scimitar          |       |       |       |       |   123 ||   123
Throw: Tomahawk          |       |       |     1 |     1 |     3 ||     5
 Cast: Call Imp          |    13 |    37 |   103 |    95 |    68 ||   316
       Summon Small Mamm |     1 |       |       |       |       ||     1
       Summon Guardian G |       |       |    25 |    79 |    40 ||   144
       Summon Lightning  |       |       |    28 |   218 |   168 ||   414
       Call Canine Famil |       |       |     3 |     5 |    15 ||    23
       Shadow Creatures  |       |       |       |     5 |     3 ||     8
       Summon Ice Beast  |       |       |       |     1 |    32 ||    33
Invok: Lesser Servant of |       |       |       |       |    31 ||    31
       Major Destruction |       |       |       |       |    10 ||    10
       Greater Servant o |       |       |       |       |     2 ||     2
Evoke: Lamp of fire      |       |       |       |     1 |     2 ||     3
       Wand              |       |       |       |     8 |    15 ||    23
       Fan of gales      |       |       |       |       |     1 ||     1
  Use: Scroll            |     4 |    10 |     5 |    20 |    15 ||    54
       Potion            |       |     3 |     2 |     9 |    10 ||    24
 Stab: Distracted        |       |     3 |     4 |    20 |     7 ||    34
       Sleeping          |       |     1 |       |     3 |       ||     4
       Paralysed         |       |       |       |     2 |       ||     2
       Petrified         |       |       |       |       |     1 ||     1
  Eat: Ration            |     1 |       |     2 |    12 |     8 ||    23
       Chunk             |     7 |    11 |    23 |    52 |    22 ||   115
Armor: Robe              |     2 |       |       |       |       ||     2
       Leather armour    |    46 |    67 |   110 |   203 |   112 ||   538
       Chain mail        |       |       |       |       |     5 ||     5
Dodge: Dodged            |    74 |   230 |   301 |   909 |   483 ||  1997
       Deflected         |       |       |       |    24 |    32 ||    56
Block: Buckler           |       |       |       |       |    12 ||    12
       Rpst.: Scimitar   |       |       |       |       |    51 ||    51

Table legend:
 A = Non-vault XP
 B = Vault XP
 C = Vault XP percentage of total XP
 D = Non-vault monster count
 E = Vault monster count
 F = Vault count percentage of total count
                 A         B        C        D         E       F
            +---------+---------+-------+---------+---------+-------
      Total |   48282 |   28551 |  37.2 |     465 |     285 |  38.0
            +---------+---------+-------+---------+---------+-------
        D:1 |      13 |       0 |   0.0 |       8 |       0 |   0.0
        D:2 |      61 |      11 |  15.3 |      17 |       6 |  26.1
        D:3 |      77 |       2 |   2.5 |      25 |       1 |   3.8
        D:4 |      81 |     108 |  57.1 |       7 |       1 |  12.5
        D:5 |     184 |       0 |   0.0 |       6 |       0 |   0.0
        D:6 |     688 |      24 |   3.4 |      22 |       1 |   4.3
        D:7 |     370 |       0 |   0.0 |      16 |       0 |   0.0
        D:8 |     349 |     202 |  36.7 |      13 |       3 |  18.8
        D:9 |    1394 |    1010 |  42.0 |      37 |       9 |  19.6
       D:10 |    1808 |     776 |  30.0 |      32 |      35 |  52.2
       D:11 |    2733 |     757 |  21.7 |      36 |      10 |  21.7
       D:12 |    2765 |      69 |   2.4 |      23 |       1 |   4.2
       D:13 |    2242 |    1463 |  39.5 |      16 |       6 |  27.3
       D:14 |    4959 |    4116 |  45.4 |      37 |      13 |  26.0
       D:15 |       0 |     199 | 100.0 |       0 |       1 | 100.0
     Lair:1 |    1268 |     468 |  27.0 |      11 |       4 |  26.7
     Lair:2 |    1207 |    1516 |  55.7 |       7 |      10 |  58.8
     Lair:3 |    3305 |     162 |   4.7 |      20 |       2 |   9.1
     Lair:4 |    1094 |       0 |   0.0 |      11 |       0 |   0.0
     Lair:5 |    1345 |     772 |  36.5 |      14 |       4 |  22.2
     Lair:6 |    2136 |    2277 |  51.6 |      18 |      19 |  51.4
    Snake:1 |   12162 |       0 |   0.0 |      42 |       0 |   0.0
    Snake:2 |    1315 |     487 |  27.0 |       6 |       2 |  25.0
      Orc:1 |     760 |     397 |  34.3 |      22 |      10 |  31.2
      Orc:2 |     223 |   11069 |  98.0 |       1 |     137 |  99.3
      Elf:1 |    5743 |    1990 |  25.7 |      18 |       4 |  18.2
   Gauntlet |       0 |     676 | 100.0 |       0 |       6 | 100.0
            +---------+---------+-------+---------+---------+-------
